 Dungeon Crawl Stone Soup version 0.18.1-47-g9310371 (webtiles) character file.

78 AbsolutelyHaram the Insei (level 4, -1/35 HPs)
             Began as a Mummy Monk on June 21, 2016.
             Slain by a jackal (3 damage)
             ... on level 2 of the Dungeon.
             The game lasted 00:01:55 (1742 turns).

AbsolutelyHaram the Insei (Mummy Monk)              Turns: 1742, Time: 00:01:56

Health: -1/35      AC:  0    Str: 14    XL:     4   Next: 15%
Magic:  4/4        EV: 13    Int:  9    God:
Gold:   49         SH:  0    Dex: 15    Spells: 0 memorised, 3 levels left

rFire  x . .     SeeInvis .       - Unarmed
rCold  + . .     Gourm    .     (no armour)
rNeg   + + +     Faith    .     (no shield)
rPois  ∞         Spirit   .     (no helmet)
rElec  .         Dismiss  .     (no cloak)
rCorr  .         Reflect  .     (no gloves)
SustAt .         Harm     .     (no boots)
MR     .....                    (no amulet)
Stlth  ++........               (no ring)
                                (no ring)

@: not resistant to hostile enchantments, unstealthy
A: no food or potions, fire vulnerability, cold resistance 1, negative energy
resistance 3, torment resistance, unbreathing
a: no special abilities


You were on level 2 of the Dungeon.
You were not hungry.

You visited 1 branch of the dungeon, and saw 2 of its levels.

You collected 49 gold pieces.


Innate Abilities, Weirdness & Mutations

You do not eat or drink.
Your flesh is vulnerable to fire.
You are immune to poison.
Your flesh is cold resistant.
You are immune to negative energy.
You are immune to unholy pain and torment.
You can survive without breathing.


   Skills:
 - Level 3.0 Fighting
 - Level 2.4 Dodging
 - Level 1.5 Stealth
 + Level 4.7 Unarmed Combat


You had 3 spell levels left.
You didn't know any spells.

Inventory:

Jewellery
 b - an uncursed amulet of the gourmand {unknown}
 d - a cursed amulet of inaccuracy {unknown}
Scrolls
 a - 2 scrolls of identify {unknown}
 c - a scroll of amnesia {unknown}

Dungeon Overview and Level Annotations

Branches:
Dungeon (2/15)

Altars:
Okawaru
Ru
Sif Muna
Trog
Xom

...%.▒▒. P≈≈♣
.....▒▒.▒ ≈≈≈
.....▒▒.▒♣PPP ▒
▒....▒▒.▒.£▒ .▒
.....▒▒.▒..▒.▒▒
...÷..........
▒..........▒ ▒▒▒
......▒..▒▒▒▒▒▒▒▒▒▒.▒▒
▒▒▒▒▒▒.▒.†(....hM)...▒
▒▒..▒▒▒▒▒▒▒▒▒▒.▒▒ ▒▒.▒
▒<▒ ▒▒ ▒.▒ ▒.▒ .▒▒ ..▒
▒▒[▒ ..▒▒ ▒▒▒ ▒..▒
...▒ ▒.▒▒ .♣.▒ ▒.▒
...▒ ▒.▒


You could see a jackal.


Message History

* * * don't die
* * * You barely miss the jackal!
The jackal barely misses you!
You beat the jackal but do no damage!
The jackal closely misses you!
You pulverise the jackal but do no damage!
The jackal bites you! * * * don't die
* * * The jackal bites you! * * * don't die
* * * You pummel the jackal but do no damage!
The jackal barely misses you!
You beat the jackal but do no damage!
The jackal misses you!
You closely miss the jackal! The jackal bites you! * * * don't die
* * * The jackal misses you!
You closely miss the jackal! The jackal barely misses you!
You pummel the jackal like a punching bag!
The jackal is moderately wounded!
The jackal closely misses you!
You closely miss the jackal!
The jackal is moderately wounded!
The jackal bites you! * * * don't die
* * * The jackal bites you! * * * don't die
* * * You closely miss the jackal!
The jackal is moderately wounded!
The jackal barely misses you!
You closely miss the jackal!
The jackal is moderately wounded!
The jackal bites you! rip

Action                   |  1- 3 |  4- 6 || total
-------------------------+-------+-------++-------
Melee: Unarmed           |   103 |    23 ||   126
       Punch             |     1 |     1 ||     2
 Stab: Sleeping          |     1 |       ||     1
Dodge: Dodged            |    68 |    16 ||    84

Vault maps used:
D:1:      erik_arrival_gehennom
D:2:      grunt_temple_overflow_open, lemuel_doored_altar, first_bread,
          grunt_ministairs_10, serial_bayou_pond_e, uniq_iyjb

Notes
Turn   | Place    | Note
--------------------------------------------------------------
     0 | D:1      | AbsolutelyHaram the Mummy Monk began the quest for the Orb.
     0 | D:1      | Reached XP level 1. HP: 18/18 MP: 1/1
    64 | D:1      | Reached XP level 2. HP: 17/24 MP: 2/2
   604 | D:1      | Reached skill level 4 in Unarmed Combat
  1054 | D:2      | Found an iron altar of Okawaru.
  1055 | D:2      | Found a sacrificial altar of Ru.
  1055 | D:2      | Found a shimmering altar of Xom.
  1055 | D:2      | Found a deep blue altar of Sif Muna.
  1055 | D:2      | Found a bloodstained altar of Trog.
  1073 | D:2      | Reached XP level 3. HP: 28/29 MP: 3/3
  1384 | D:2      | Noticed Ijyb
  1630 | D:1      | Killed Ijyb
  1630 | D:1      | Reached XP level 4. HP: 24/35 MP: 4/4
  1740 | D:2      | HP: 3/35 [jackal (2)]
  1742 | D:2      | Slain by a jackal

Vanquished Creatures
  Ijyb (D:1)
  An adder (D:2)
  3 oozes
  2 dart slugs (D:1)
  A giant gecko (D:1)
  2 bats (D:1)
  A giant cockroach (D:2)
  4 goblins
  A jackal (D:2)
  5 kobolds
  6 rats
27 creatures vanquished.
